 Dungeon Crawl Stone Soup version 0.29.0-7-g18a832c13a (webtiles) character file.

Game seed: 2101599326420989739

402 LunaticDancer the Chopper (level 6, -7/51 HPs)
             Began as a Palentonga Berserker on Aug 28, 2022.
             Was a Priest of Trog.
             Killed by divine providence
             ... invoked by an orc priest
              (12 damage)
             ... on level 4 of the Dungeon on Aug 31, 2022.
             The game lasted 00:28:39 (3848 turns).

LunaticDancer the Chopper (Palentonga Berserker)    Turns: 3848, Time: 00:28:40

Health: -7/51      AC: 11    Str: 31    XL:     6   Next: 55%
Magic:  6/6        EV:  7    Int:  7    God:    Trog [***...]
Gold:   220        SH:  0    Dex:  9    Spells: 5/5 levels left

rFire   . . .      SeeInvis +   a - +0 hand axe
rCold   . . .      Faith    +   (no shield)
rNeg    . . .      Spirit   .   h - +0 chain mail
rPois   .          Reflect  .   (no helmet)
rElec   .          Harm     .   d - +2 cloak {Stlth+}
rCorr   .          Rampage  .   (no gloves)
Will    ++...                   (no barding)
Stlth   ..........              t - amulet of faith
HPRegen 1.17/turn               k - +6 ring of strength
MPRegen 0.10/turn               (no ring)

@: strong-willed, regenerating
A: large, rugged brown scales 3, see invisible, deformed body, roll 1, armoured
tail
a: Rolling Charge, Renounce Religion, Berserk, Trog's Hand


You were on level 4 of the Dungeon.
You worshipped Trog.
Trog was most pleased with you.
You visited 1 branch of the dungeon, and saw 4 of its levels.

You collected 220 gold pieces.

Inventory:

Hand Weapons
 a - a +0 hand axe (weapon)
 u - a +2 quarterstaff of chaos
Missiles
 g - a throwing net
Armour
 d - a +2 cloak of stealth (worn)
 h - a +0 chain mail (worn)
Jewellery
 k - a +6 ring of strength (left hand)
 t - an amulet of faith (around neck)
Scrolls
 e - 2 scrolls of identify {unknown}
 f - a scroll of teleportation {unknown}
 j - a scroll of poison {unknown}
 m - a scroll of vulnerability {unknown}
 o - a scroll of blinking {unknown}
 p - a scroll of amnesia {unknown}
 r - a scroll of enchant weapon {unknown}
 w - a scroll of acquirement {unknown}
Potions
 b - 2 potions of magic {unknown}
 c - 2 potions of heal wounds {unknown}
 i - 3 potions of curing {unknown}
 l - a potion of might
 n - a potion of resistance {unknown}
 q - 2 potions of berserk rage {unknown}
 s - a potion of degeneration {unknown}
 v - a potion of brilliance {unknown}


   Skills:
 + Level 4.1 Fighting
 * Level 5.8 Axes
 + Level 3.0 Armour
 + Level 2.0 Dodging
 - Level 0.1 Stealth


You had 5 spell levels left.
You didn't know any spells.
Your spell library was empty.

Dungeon Overview and Level Annotations

Branches:
Dungeon (4/15)
 Temple: D:4-7

Altars:


Innate Abilities, Weirdness & Mutations

You are completely covered in rugged brown scales. (AC +3, +7% HP)
You have supernaturally acute eyesight. (SInv)
Armour fits poorly on your strangely shaped body.
You can roll at nearby foes to attack.
You have a long armoured tail.


Message History

An orc comes into view. It is wielding a +0 dagger.
You slash the orc!
You kill the orc!
Trog accepts your kill.
You slash the orc priest!
The orc priest is severely wounded.
The orc priest hits you but does no damage.
You closely miss the orc priest.
The orc priest is severely wounded.
You barely miss the orc. The orc priest hits you with a +0 whip.
The orc hits you with a +0 dagger.
The orc priest invokes the aid of Beogh against you.
Pain shoots through your body!
The orc priest attacks as you move away!
The orc priest hits you with a +2 vorpal hand axe.
The orc priest attacks as you move away!
The orc priest hits you with a +0 whip.
The orc priest begins to cast a cantrip, but forgets the words!
The orc priest looks encouraged for a moment.
The orc priest looks braver for a moment.
The orc attacks as you move away! The orc hits you but does no damage.
The orc priest calls upon Beogh to heal the orc priest.
The orc priest is healed somewhat.
The orc priest calls down the wrath of Beogh upon you.
Beogh smites you!
* * * LOW HITPOINT WARNING * * *
Unknown command.
Your skin crawls.
You feel strong-willed. The orc hits you but does no damage.
The orc priest calls upon Beogh to heal the orc priest.
The orc priest is healed somewhat.
You barely miss the orc. The orc hits you with a +0 dagger.
* * * LOW HITPOINT WARNING * * *
Unknown command.
The orc priest calls upon Beogh to heal the orc priest.
The orc priest's wounds heal themselves!
The orc priest calls down the wrath of Beogh upon you.
Beogh smites you!
You die...

# #.............#
## #.............#
.###.............#
..##.......:....o##
#..#..............#
##.#............o.#
##.............oo.#
##................#
#...#...........@.#
...####..........##
..## ####...##...#
.## ########## .#
#### ## ####..## #
##......#
##......##
##.......#


You could see 2 orc priests and 2 orcs.

Vanquished Creatures
  A water moccasin (D:4)
  A phantom (D:4)
  A bullfrog (D:4)
  Crazy Yiuf (D:3)
  2 adders
  2 worms
  5 orcs
  8 endoplasms
  7 giant cockroaches
  8 hobgoblins
  4 jackals
  6 kobolds
  4 quokkas
  11 ball pythons
  8 bats
  10 goblins
  4 rats
83 creatures vanquished.

Notes
Turn   | Place    | Note
-------+----------+-------------------------------------------
     0 | D:1      | LunaticDancer the Palentonga Berserker began the quest for
                  | the Orb.
     0 | D:1      | Reached XP level 1. HP: 19/19 MP: 1/1
   237 | D:1      | Reached XP level 2. HP: 25/25 MP: 2/2
   338 | D:1      | Found a faded altar of an unknown god.
   911 | D:2      | Reached ** piety under Trog
   955 | D:2      | Reached XP level 3. HP: 12/31 MP: 3/3
  1763 | D:2      | Reached skill level 4 in Axes
  1931 | D:2      | Reached XP level 4. HP: 37/37 MP: 4/4
  2171 | D:3      | Found a runed translucent door.
  2172 | D:3      | Noticed Crazy Yiuf
  2703 | D:3      | Killed Crazy Yiuf
  2887 | D:4      | Identified the +1 pair of gloves "Alos Qet" {rPois rF+++
                  | Str-4 Stlth+}
  2910 | D:4      | Reached XP level 5. HP: 44/44 MP: 5/5
  2950 | D:4      | Noticed a phantom
  2952 | D:4      | Reached *** piety under Trog
  2973 | D:4      | Killed a phantom
  2974 | D:4      | Reached skill level 5 in Axes
  3094 | D:4      | Reached XP level 6. HP: 17/51 MP: 6/6
  3324 | D:4      | Noticed a water moccasin
  3340 | D:4      | Killed a water moccasin
  3673 | D:4      | Upgraded the game from 0.29.0-5-ge4962eb29e to
                  | 0.29.0-7-g18a832c13a
  3844 | D:4      | HP: 1/51 [orc priest/divine providence (16)]
  3848 | D:4      | Killed from afar by an orc priest

Illustrated notes

Levels and vault maps discovered:
D:1:      ncdulo_wetmaze, layout_loops_cross,
          hellmonk_ecumenical_altar_leap_of_faith
D:2:      layout_rooms, minmay_misc_feat_enclosed, minmay_misc_feat_plants,
          minmay_vboxes
D:3:      layout_rooms, uniq_crazy_yiuf_cottage
D:4:      layout_cave_pods

Skill      XL: |  1  2  3  4  5  6 |
---------------+-------------------+-----
Armour         | 2 3 |  3.0
Axes           | 4 5 |  5.8
Fighting       | 4 |  4.1
Dodging        | 2 |  2.0
Stealth        | |  0.1

Action                   |  1- 3 |  4- 6 || total
-------------------------+-------+-------++-------
Melee: Hand axe          |   149 |   130 ||   279
       Tailslap          |    13 |    18 ||    31
       Punch             |     3 |       ||     3
Invok: Trog's Hand       |       |     1 ||     1
 Abil: Rolling Charge    |    33 |    23 ||    56
 Stab: Sleeping          |     1 |       ||     1
Armor: Animal skin       |    26 |       ||    26
       Chain mail        |    54 |    63 ||   117
Dodge: Dodged            |    50 |    37 ||    87
